 Dungeon Crawl Stone Soup version 0.29.1-2-gbd0b4ee654 (webtiles) character file.

Game seed: 6664300752959534545

23788 zermelo the Severer (level 12, -3/112 HPs)
             Began as a Minotaur Berserker on Nov 30, 2022.
             Was a High Priest of Trog.
             Succumbed to Nessos's poison
             ... on level 12 of the Dungeon.
             The game lasted 01:36:43 (14572 turns).

zermelo the Severer (Minotaur Berserker)           Turns: 14572, Time: 01:36:44

Health: -3/112     AC: 21    Str: 27    XL:     12   Next: 74%
Magic:  11/11      EV: 15    Int:  4    God:    Trog [*****.]
Gold:   704        SH:  6    Dex: 13    Spells: 11/11 levels left

rFire   + . .      SeeInvis .   x - +3 war axe
rCold   + . .      Faith    +   H - +0 buckler "Posherch" {Fly}
rNeg    . . .      Spirit   .   y - +2 plate armour of Minor Irritation {rF+}
rPois   .          Reflect  .   (helmet restricted)
rElec   .          Harm     .   (no cloak)
rCorr   .          Rampage  .   a - +1 pair of gloves {Dex+3}
Will    ++...                   s - +1 pair of boots
Stlth   ..........              c - amulet of faith
HPRegen 1.28/turn               j - +4 ring of evasion
MPRegen 0.12/turn               g - ring of protection from cold

@: lethally poisoned (-3 -> -36), strong-willed, on berserk cooldown, flying,
regenerating, slowed, very slow
A: horns 2, retaliatory headbutt
a: Renounce Religion, Berserk, Trog's Hand, Brothers in Arms


You were on level 12 of the Dungeon.
You worshipped Trog.
Trog was extremely pleased with you.
You visited 1 branch of the dungeon, and saw 12 of its levels.

You collected 704 gold pieces.

Inventory:

Hand Weapons
 x - a +3 war axe (weapon)
 C - a +4 great sword of freezing
 F - a +3 sling of freezing
 I - the +0 battleaxe of Change {vorpal, Dex+3}
   (You found it on level 10 of the Dungeon)

   It inflicts extra damage upon your enemies.
   Dex:       It affects your dexterity (+3).
 N - a +2 antimagic battleaxe
Missiles
 b - an atropa-tipped dart
 p - 6 javelins (quivered)
 w - 15 poisoned darts
 M - a throwing net
Armour
 a - a +1 pair of gloves of dexterity (worn)
 k - the +0 robe of the Pits of Slime {rF+ Str+2 SInv}
   (You found it on level 2 of the Dungeon)

   Str:       It affects your strength (+2).
   rF:        It protects you from fire.
   SInv:      It lets you see invisible.
 l - an orb of mayhem
 s - a +1 pair of boots (worn)
 y - the +2 plate armour of Minor Irritation (worn) {rF+}
   (You found it on level 5 of the Dungeon)

   rF:        It protects you from fire.
 H - the +0 buckler "Posherch" (worn) {Fly}
   (You found it on level 9 of the Dungeon)

   Fly:       It grants you flight.
 J - the +2 pair of boots of Quufotid {Str+4 Dex-4}
   (You found it on level 10 of the Dungeon)

   Str:       It affects your strength (+4).
   Dex:       It affects your dexterity (-4).
Jewellery
 c - an amulet of faith (around neck)
 e - a ring of positive energy
 f - an amulet of guardian spirit
 g - a ring of protection from cold (right hand)
 j - a +4 ring of evasion (left hand)
 v - a +6 ring of dexterity
Wands
 i - a wand of mindburst (18)
 A - a wand of flame (26)
 E - a wand of paralysis (8)
 P - a wand of iceblast (3)
Scrolls
 h - 3 scrolls of teleportation
 n - 8 scrolls of magic mapping
 r - 4 scrolls of immolation
 D - 4 scrolls of enchant weapon
 G - a scroll of butterflies
 R - a scroll of poison {unknown}
 T - a scroll of fear
Potions
 d - a potion of magic {unknown}
 m - 2 potions of flight {unknown}
 o - a potion of lignification {unknown}
 q - a potion of brilliance {unknown}
 t - a potion of cancellation {unknown}
 u - 2 potions of mutation
 z - 4 potions of curing
 B - 2 potions of berserk rage {unknown}
 L - 2 potions of degeneration {unknown}
 O - 2 potions of attraction {unknown}
 Q - a potion of haste {unknown}
 S - a potion of ambrosia {unknown}
Miscellaneous
 K - a condenser vane


   Skills:
 + Level 12.0 Fighting
 - Level 16.0 Axes
 - Level 10.1 Armour
 - Level 9.2 Dodging
 * Level 8.4 Shields
 + Level 4.3 Evocations


You had 11 spell levels left.
You didn't know any spells.
Your spell library was empty.

Dungeon Overview and Level Annotations

Branches:
Dungeon (12/15)            Temple (0/1) D:5             Orc (0/2) D:12
   Lair: D:8-11

Altars:
Cheibriados
Kikubaaqudgha
Okawaru
Trog

Shops:
D:2 !   D:7 =   D:12 !

Annotations:
D:12 Nessos


Innate Abilities, Weirdness & Mutations

You have a pair of horns on your head.
You reflexively headbutt those who attack you in melee.


Message History

You feel strong-willed.
You feel very sick.
Nessos shoots an arrow.
The arrow hits you! The arrow burns you.
You are more poisoned.
Nessos stands on their hind legs for a moment.
Nessos shoots an arrow.
The arrow misses you.
Okay, then.
Aiming: Throw Flame
Press: ? - help, Shift-Dir - straight line, f - Nessos
Aim: Nessos, wielding a +1 longbow of flaming and wearing a +2 barding (fast, 84% to hit)
Okay, then.
A red film seems to cover your vision as you go berserk!
You feel yourself moving faster!
You feel mighty!
You feel very sick.
Nessos shoots an arrow.
The arrow hits you.
You are more poisoned.
You feel a strong urge to attack something.
You feel very sick.
Nessos shoots an arrow.
The arrow hits you! The arrow burns you.
You are more poisoned.
You feel extremely sick.
Nessos shoots an arrow.
The arrow barely misses you.
Nessos shoots an arrow.
The arrow hits you.
* * * LOW HITPOINT WARNING * * *
You are more poisoned.
You feel your anger nearly subside.
You are no longer berserk.
You are exhausted.
You feel yourself slow down.
* * * LOW HITPOINT WARNING * * *
You feel extremely sick.
Nessos shoots an arrow.
The arrow hits you!
* * * LOW HITPOINT WARNING * * *
The arrow burns you.
* * * LOW HITPOINT WARNING * * *
Really fly into that teleport trap?
You enter a teleport trap!
The teleport trap disappears.
Your surroundings suddenly seem different.
A vampire mosquito comes into view.
Found 5 stones and 11 gold pieces.
Found an escape hatch in the floor.
You die...

...y.# .....# #
..$..# #
#######.....##### #
#...........#...# #
### #...........#...#
# ..##
#.......^...#...# ###
#..# #....@....#
#...# #.. ##.#
#......(..# #...# #.#
#.#### #.........#
#...# #.# #....#
#.........# #...#
##.# ####.#
#..<......#
#...###..#
####†######.......>.#
#.......##
#......#...........(#
#......##
#....#.#........#####
##.....#
#....#..........#
#.....#


You could see a vampire mosquito (dormant).

Vanquished Creatures
  2 boulder beetles (D:8)
  A centaur warrior (D:8)
  4 two-headed ogres
  A tengu warrior (D:8)
  A fire crab (shapeshifter) (D:8)
  Amaemon (D:8)
  The ghost of ZoeForever1 the Cleaver, a novice MiCK of Xom (D:7)
  Pikel (D:7)
  2 ugly things (D:8)
  A deep elf pyromancer (D:8)
  2 cyclopes
  A manticore (D:12)
  An orange demon (D:8)
  A gargoyle (D:11)
  A kobold demonologist (D:8)
  3 unseen horrors
  A yaktaur (D:10)
  A tengu conjurer (D:10)
  Grinder (D:3)
  A hornet (D:9)
  3 trolls
  A slime creature (D:10)
  2 vampires
  2 shadows
  A wyvern (D:8)
  26 yaks
  3 wraiths
  4 steam dragons
  2 vampire mosquitoes (D:12)
  3 acid dragons
  A water moccasin (D:8)
  4 orc warriors
  An ice beast (D:4)
  A sky beast (D:8)
  A black bear (D:8)
  2 ogres
  17 centaurs
  A phantom (D:6)
  2 necrophages
  2 bullfrogs (D:8)
  A gnoll sergeant (D:9)
  4 scorpions (D:5)
  6 wights
  12 killer bees
  6 howler monkeys
  2 jellies (D:5)
  3 orc priests
  2 hounds (D:5)
  6 iguanas
  8 orc wizards
  A mummy (D:7)
  5 gnolls
  9 adders
  9 river rats (D:6)
  A shadow imp (D:7)
  A white imp (D:7)
  An ufetubus (D:6)
  4 worms
  25 orcs
  6 ball pythons
  5 endoplasms
  A giant cockroach (D:1)
  5 hobgoblins
  4 kobolds
  3 quokkas
  8 bats
  6 frilled lizards
  8 goblins
  4 orc zombies (D:7)
  16 rats
279 creatures vanquished.

Vanquished Creatures (collateral kills)
  A two-headed ogre (D:10)
1 creature vanquished.

Vanquished Creatures (others)
  A howler monkey (D:10)
1 creature vanquished.

Grand Total: 281 creatures vanquished

Notes
Turn   | Place    | Note
-------+----------+-------------------------------------------
     0 | D:1      | zermelo the Minotaur Berserker began the quest for the Orb.
     0 | D:1      | Reached XP level 1. HP: 19/19 MP: 0/0
    66 | D:1      | Reached skill level 4 in Axes
   293 | D:1      | Reached XP level 2. HP: 26/26 MP: 1/1
  1137 | D:2      | Reached skill level 5 in Axes
  1249 | D:2      | Reached ** piety under Trog
  1294 | D:2      | Found Oxihil's Distillery.
  1481 | D:2      | Reached XP level 3. HP: 22/31 MP: 2/2
  1880 | D:2      | Identified the +0 robe of the Pits of Slime {rF+ Str+2
                  | SInv}
  2074 | D:3      | Reached skill level 6 in Axes
  2074 | D:3      | Reached XP level 4. HP: 39/39 MP: 3/3
  2378 | D:3      | Noticed Grinder
  2388 | D:3      | Killed Grinder
  2389 | D:3      | Reached skill level 8 in Axes
  2389 | D:3      | Reached XP level 5. HP: 45/45 MP: 4/4
  2389 | D:3      | Reached XP level 6. HP: 51/51 MP: 5/5
  2680 | D:3      | Reached *** piety under Trog
  2823 | D:4      | You fall into a shaft and drop 2 floors!
  2891 | D:6      | Reached skill level 9 in Axes
  3046 | D:5      | Entered Level 5 of the Dungeon
  3131 | D:4      | Reached XP level 7. HP: 57/57 MP: 6/6
  3233 | D:4      | Found an ancient bone altar of Kikubaaqudgha.
  3291 | D:4      | Reached skill level 10 in Axes
  3725 | D:5      | Reached skill level 11 in Axes
  4026 | D:5      | Found a staircase to the Ecumenical Temple.
  4039 | D:5      | Reached XP level 8. HP: 49/64 MP: 7/7
  4530 | D:5      | Reached skill level 12 in Axes
  4659 | D:5      | Identified the +2 plate armour of Minor Irritation {rF+}
  5117 | D:6      | Noticed a troll
  5134 | D:6      | Killed a troll
  5135 | D:6      | Reached skill level 13 in Axes
  5842 | D:6      | Reached **** piety under Trog
  6080 | D:7      | Noticed Pikel
  6319 | D:7      | Found a large runed translucent door.
  6320 | D:7      | Found a large runed translucent door.
  6328 | D:7      | Reached skill level 14 in Axes
  6357 | D:7      | Noticed ZoeForever1's ghost (novice MiCK)
  6439 | D:7      | Killed ZoeForever1's ghost
  6440 | D:7      | Reached XP level 9. HP: 70/70 MP: 8/8
  6516 | D:7      | Killed Pikel
  6517 | D:7      | Reached skill level 15 in Axes
  6708 | D:7      | Found Taych's Jewellery Boutique.
  7143 | D:8      | Reached skill level 16 in Axes
  7147 | D:8      | Reached ***** piety under Trog
  7564 | D:8      | Noticed an orange demon
  7587 | D:8      | Killed an orange demon
  7588 | D:8      | Reached skill level 5 in Fighting
  7588 | D:8      | Reached XP level 10. HP: 61/81 MP: 9/9
  7860 | D:8      | Reached skill level 5 in Armour
  7987 | D:8      | Noticed a deep elf pyromancer
  7992 | D:8      | Killed a deep elf pyromancer
  7993 | D:8      | Reached skill level 5 in Dodging
  7995 | D:8      | Noticed a tengu warrior
  8015 | D:8      | Killed a tengu warrior
  8099 | D:8      | Noticed a green ugly thing
  8099 | D:8      | Noticed a centaur warrior
  8099 | D:8      | Noticed a two-headed ogre
  8099 | D:8      | Noticed a white ugly thing
  8118 | D:8      | Killed a white ugly thing
  8120 | D:8      | Killed a two-headed ogre
  8126 | D:8      | Killed a centaur warrior
  8206 | D:8      | Noticed a boulder beetle
  8383 | D:8      | Killed a boulder beetle
  8384 | D:8      | Reached XP level 11. HP: 17/95 MP: 10/10
  8706 | D:8      | Killed a green ugly thing
  8993 | D:8      | Noticed Amaemon
  9014 | D:8      | Killed Amaemon
  9068 | D:8      | Noticed a fire crab
  9103 | D:8      | Killed a fire crab
  9405 | D:8      | Noticed a two-headed ogre
  9481 | D:8      | Killed a two-headed ogre
  9659 | D:8      | Noticed a boulder beetle
 10134 | D:8      | Killed a boulder beetle
 10762 | D:9      | Reached skill level 10 in Fighting
 10908 | D:9      | Reached skill level 10 in Armour
 10916 | D:9      | Identified the +0 buckler "Posherch" {Fly}
 11460 | D:10     | Entered Level 10 of the Dungeon
 11585 | D:10     | Reached skill level 1 in Shields
 11591 | D:10     | Reached skill level 1 in Evocations
 11596 | D:10     | Reached XP level 12. HP: 108/108 MP: 11/11
 11673 | D:10     | Identified the +0 battleaxe of Change {vorpal, Dex+3}
 11983 | D:10     | Identified the +2 pair of boots of Quufotid {Str+4 Dex-4}
 12000 | D:10     | Noticed a two-headed ogre
 12005 | D:10     | Killed a two-headed ogre
 12212 | D:10     | Found a bloodstained altar of Trog.
 12212 | D:10     | Found a snail-covered altar of Cheibriados.
 12216 | D:10     | Reached skill level 5 in Shields
 12999 | D:11     | Received a gift from Trog
 13127 | D:11     | Found an iron altar of Okawaru.
 13213 | D:11     | Noticed a two-headed ogre
 13225 | D:11     | Killed a two-headed ogre
 14070 | D:12     | Found a staircase to the Orcish Mines.
 14365 | D:12     | Found Toc Con's Distillery.
 14368 | D:12     | Noticed a two-headed ogre
 14379 | D:12     | Killed a two-headed ogre
 14557 | D:12     | Noticed Nessos
 14572 | D:12     | Succumbed to Nessos's poison

Illustrated notes

Levels and vault maps discovered:
D:1:      elethiomel_arrival_maze, layout_basic
D:2:      layout_loops_ring, serial_shops, shop
D:3:      layout_loops_ring, st_stairs_10, uniq_grinder
D:4:      layout_rooms, nicolae_kikubaaqudgha_miasma_corner
D:5:      minmay_inner_zag, layout_basic, minmay_temple_entry_hall
D:6:      layout_loops_ring, chequers_serial_rivers_large_b, dk_rats_in_the_wall
D:7:      layout_basic, serial_shops, shop_statue, ebering_ghost_disaster_area,
          minmay_mini_ossuary, uniq_pikel
D:8:      nzn_winding_woodlands_large [nzn_winding_woodlands_5x5_perimeter,
          nzn_winding_woodlands_5x15_twine, nzn_winding_woodlands_5x5_default,
          nzn_winding_woodlands_center_diamonds,
          nzn_winding_woodlands_15x15_thick_spiral,
          nzn_winding_woodlands_center_pierced_h,
          nzn_winding_woodlands_5x5_checkerboard,
          nzn_winding_woodlands_5x15_eye, nzn_winding_woodlands_hourglass],
          layout_rooms, serial_aquarium, aquarium_bridge_island_small
          [aquarium_subvault_small_open, aquarium_subvault_bridge,
          aquarium_subvault_window, aquarium_subvault_bridge,
          aquarium_subvault_bridge], aquarium_window_2, aquarium_window_fake,
          aquarium_window_fake, aquarium_view_2d, aquarium_balcony_1b,
          uniq_amaemon
D:9:      layout_basic, minmay_lair_entry_grove
D:10:     kennysheep_ambush_hall, layout_irregular_city,
          chequers_temple_overflow_statue_of_worship, kb_rosetta
D:11:     layout_roguey, okawaru_gym_becter
D:12:     layout_basic, orc_0_dummy, serial_shops, shop_fountains, uniq_nessos

Skill      XL: |  1  2  3  4  5  6  7  8  9 10 11 12 |
---------------+-------------------------------------+-----
Axes           | 4 5 6 8 9 11 14 16 | 16.0
Fighting       | 5 8 10 12 | 12.0
Armour         | 4 7 10 | 10.1
Dodging        | 4 7 9 |  9.2
Shields        | 2 8 |  8.4
Evocations     | 1 4 |  4.3

Action                   |  1- 3 |  4- 6 |  7- 9 | 10-12 || total
-------------------------+-------+-------+-------+-------++-------
Melee: Hand axe          |    78 |    92 |    86 |       ||   256
       Headbutt          |    13 |    15 |    57 |   124 ||   209
       Punch             |     1 |     1 |     4 |     5 ||    11
       War axe           |       |       |   197 |   455 ||   652
Throw: Javelin           |       |       |       |     8 ||     8
       Dart              |       |       |       |     2 ||     2
Invok: Berserk           |       |     1 |     2 |    11 ||    14
       Trog's Hand       |       |       |       |     3 ||     3
       Brothers in Arms  |       |       |       |     1 ||     1
  Use: Scroll            |       |       |    12 |     5 ||    17
       Potion            |       |       |       |     5 ||     5
 Stab: Invisible         |       |       |       |     2 ||     2
       Distracted        |       |       |       |     1 ||     1
Armor: Animal skin       |     1 |       |       |       ||     1
       Ring mail         |    21 |       |       |       ||    21
       Plate armour      |    10 |    27 |   114 |   216 ||   367
Dodge: Dodged            |    53 |    41 |   140 |   235 ||   469
Block: Buckler           |       |       |       |    32 ||    32
